Map: Dusk Towers

Players

KoMA

  • Race: Terran Terran
  • League: Grandmaster

CMStormPolt (Polt) - Winner!

  • Race: Terran Terran
  • League: Grandmaster

VOD

Have the link to the VOD?

Description

Time

  • Played on: Feb. 13, 2016, 6:33 p.m.
  • Length: 21:09
Show
View Real Time Build Order
Export as new Build Order

KoMA Terran 

Build Orders: Reaper Expand 

Get SALT Encoding   

  12  0:01  SCV  
  13  0:13  SCV  
  14  0:17  Supply Depot  
  14  0:25  SCV  
  15  0:39  SCV  
  15  0:40  Barracks  
  16  0:44  Refinery  
  16  0:51  SCV  
  17  1:03  SCV  
  18  1:15  SCV  
  19  1:27  Orbital Command, Reaper  
  20  1:45  Command Center  
  20  1:54  Supply Depot, SCV  
  21  1:59  Marine  
  22  2:07  SCV  
  22  2:11  Factory  
  22  2:17  Marine  
  22  2:19  SCV  
  22  2:22  Refinery  
  24  2:32  SCV  
  24  2:36  Barracks Reactor  
  25  2:44  SCV  
  26  2:55  Starport  
  26  2:57  SCV  
  27  2:58  Widow Mine  
  27  3:03  Orbital Command  
  29  3:09  Supply Depot, SCV  
  30  3:12  Marine x2  
  32  3:21  SCV  
  33  3:28  Factory Tech Lab  
  33  3:30  Marine  
  33  3:31  Marine  
  33  3:32  SCV  
  33  3:33  Medivac, SCV  
  39  3:44  SCV  
  39  3:45  SCV  
  44  3:54  Engineering Bay  
  44  3:55  Marine x2  
  44  3:56  SCV  
  44  3:57  SCV  
  44  3:58  Cyclone  
  47  4:03  Viking  
  47  4:08  Supply Depot, SCV  
  50  4:13  SCV  
  50  4:15  Marine x2  
  53  4:21  SCV, Missile Turret  
  53  4:23  Missile Turret  
  54  4:30  SCV  
  55  4:32  Siege Tank  
  55  4:33  SCV  
  59  4:42  SCV  
  59  4:45  SCV  
  61  4:54  SCV  
  62  5:02  Supply Depot, Command Center  
  62  5:03  SCV, Medivac  
  62  5:05  Marine x2  
  62  5:06  SCV  
  66  5:11  Siege Tank  
  69  5:15  SCV  
  69  5:20  Supply Depot  
  70  5:23  SCV  
  70  5:26  Supply Depot, Marine x2  
  73  5:29  SCV  
  73  5:33  Barracks, Medivac  
  76  5:37  SCV  
  76  5:41  SCV  
  78  5:42  Barracks  
  78  5:47  Refinery  
  79  5:50  Engineering Bay, SCV, Refinery  
  79  5:59  SCV  
  79  6:00  Marine x2  
  82  6:07  Starport Reactor, Siege Tank  
  82  6:08  SCV  
  82  6:09  Supply Depot  
  86  6:18  SCV  
  85  6:19  Marine  
  85  6:21  Barracks Tech Lab  
  85  6:23  Terran Infantry Weapons Level 1  
  85  6:24  Orbital Command  
  86  6:27  SCV  
  86  6:31  Barracks Tech Lab  
  87  6:34  Terran Infantry Armor Level 1  
  87  6:35  Barracks, SCV  
  87  6:36  Barracks  
  87  6:37  Marine  
  89  6:41  Siege Tank  
  89  6:42  Marine  
  93  6:47  SCV, Marine  
  93  6:49  Combat Shields  
  93  6:54  Marine  
  95  6:55  SCV, Marine  
  95  6:59  Supply Depot, SCV x2, Marine  
  95  7:09  Marine  
  95  7:10  SCV  
  95  7:18  Marine  
  95  7:20  Marine  
  95  7:21  Marine  
  95  7:22  Medivac x2, Siege Tank  
  100  7:26  Orbital Command  
  100  7:27  Marine  
  100  7:29  Barracks Reactor x2  
  101  7:31  SCV x2  
  101  7:35  Stimpack  
  103  7:39  Barracks Reactor, Refinery  
  103  7:43  SCV x2, Refinery  
  105  7:45  Supply Depot, Marine  
  106  7:53  SCV  
  106  7:55  SCV x2  
  106  7:56  Siege Tank  
  106  7:57  Supply Depot  
  111  8:00  Marine  
  111  8:02  Armory  
  111  8:05  SCV  
  113  8:07  SCV x2  
  113  8:10  Marine x4  
  113  8:11  Supply Depot x2  
  119  8:17  SCV, Marine x2, Factory  
  119  8:19  Sensor Tower, SCV  
  123  8:20  Supply Depot  
  123  8:26  Marine x2  
  125  8:27  Widow Mine  
  125  8:28  Marine x2  
  125  8:29  Marine  
  125  8:34  Medivac x2  
  134  8:40  Barracks x2  
  134  8:42  Barracks  
  134  8:44  Marine x2  
  134  8:45  Supply Depot  
  136  8:48  Marine  
  136  8:50  Terran Infantry Armor Level 2, Terran Infantry Weapons Level 2  
  136  8:55  Marine  
  138  8:56  Marine  
  138  8:58  Marine  
  138  8:59  Siege Tank  
  138  9:00  Factory Tech Lab  
  143  9:06  Command Center  
  143  9:08  Medivac  
  145  9:13  Marine x2  
  145  9:16  Medivac, Marine  
  139  9:18  Marine  
  139  9:20  Marine  
  139  9:21  Marine x2, Siege Tank  
  146  9:30  Barracks Reactor  
  144  9:32  Barracks Reactor  
  144  9:33  Supply Depot  
  144  9:36  Barracks Reactor  
  144  9:38  Medivac  
  144  9:40  Marine x2  
  144  9:43  Marine x2  
  144  9:44  Marine x4  
  154  9:47  Sensor Tower  
  154  9:52  Factory  
  154  9:58  Marine x2  
  156  10:01  Marine x3, Siege Tank  
  156  10:03  Siege Tank  
  165  10:08  Marine  
  165  10:11  Marine  
  165  10:12  Marine x2  
  165  10:13  Marine x2  
  165  10:14  Supply Depot, Marine x2, Terran Vehicle Weapons Level 1  
  171  10:15  Marine  
  171  10:16  Marine  
  175  10:24  Marine  
  175  10:25  Marine  
  175  10:26  Marine x2  
  175  10:27  Medivac  
  181  10:31  Marine x2  
  183  10:37  Missile Turret  
  183  10:38  Sensor Tower, Marine  
  184  10:43  Marine x3  
  184  10:44  Siege Tank x2  
  184  10:49  Planetary Fortress  
  193  11:00  Marine x3  
  193  11:02  Factory Tech Lab  
  194  11:12  Marine  
  194  11:13  Marine x4  
  187  11:29  Marine x2  
  187  11:31  Marine x5  
  187  11:32  Siege Tank x2  
  198  11:36  Medivac  
  200  11:42  Terran Infantry Armor Level 3, Terran Infantry Weapons Level 3  
  200  11:47  Refinery  
  200  11:48  Command Center  
  200  11:49  Refinery  
  200  12:03  Marine x2  
  196  12:13  Marine  
  196  12:14  Marine x2  
  198  12:26  Marine x2  
  196  12:49  Medivac, Siege Tank  
  196  12:51  Siege Tank x2  
  189  12:58  Marine x4  
  161  12:59  Marine  
  161  13:03  Medivac  
  161  13:05  Command Center, Marine  
  169  13:07  Marine x4  
  169  13:09  Marine  
  172  13:15  Marine  
  172  13:16  Marine x3  
  172  13:19  Medivac  
  178  13:21  Marine x2, Siege Tank  
  178  13:23  Siege Tank  
  178  13:26  Marine x2  
  178  13:27  Marine x2  
  186  13:28  Marine  
  186  13:31  Marine  
  189  13:35  Marine, Siege Tank  
  189  13:36  Medivac  
  153  13:41  Marine  
  153  13:42  Marine x2  
  153  13:45  Marine x2  
  153  13:46  Marine x2  
  153  13:49  Medivac  
  153  13:52  Marine  
  153  13:55  Marine  
  156  14:00  Marine x2  
  159  14:06  Medivac  
  159  14:07  Marine  
  162  14:25  Siege Tank  
  162  14:28  Siege Tank  
  162  14:30  Marine x2  
  162  14:31  Siege Tank  
  155  14:46  Marine x2  
  155  14:47  Marine x2  
  155  14:51  Marine x2  
  161  14:57  Siege Tank  
  144  15:04  Marine, Siege Tank  
  144  15:05  Marine  
  125  15:11  Marine x2  
  125  15:12  Marine  
  125  15:13  Marine  
  119  15:19  Marine  
  119  15:20  Marine x2  
  121  15:31  Marine x2  
  121  15:32  Marine x2  
  121  15:35  Medivac  
  117  15:38  Marine  
  117  15:39  Marine  
  119  15:46  Planetary Fortress  
  119  15:51  Medivac  
  121  16:03  Siege Tank  
  124  16:08  Orbital Command  
  124  16:17  Siege Tank x2  
  130  16:22  Terran Vehicle Weapons Level 2  
  130  16:24  Medivac  
  132  16:25  Marine  
  132  16:27  Marine  
  134  16:35  Siege Tank  
  135  16:46  Marine x2  
  137  16:49  Siege Tank  
  140  16:57  Marine x3  
  140  17:00  Marine  
  135  17:06  Marine  
  133  17:11  Marine  
  133  17:12  Marine  
  133  17:15  Marine x2  
  128  17:19  Marine x2  
  125  17:31  Marine x3  
  125  17:35  Siege Tank  
  129  17:39  Siege Tank  
  135  17:44  Siege Tank  
  135  17:45  Marine  
  135  17:49  Marine  
  137  17:51  Marine x2  
  137  17:55  Marine  
  140  18:01  Marine  
  141  18:07  Marine x2  
  141  18:08  Siege Tank  
  141  18:11  Siege Tank  
  137  18:14  Medivac  
  129  18:22  Siege Tank  
  129  18:25  Marine x2  
  129  18:26  Marine  
  129  18:40  Siege Tank  
  128  18:43  Siege Tank  
  128  18:44  Marine  
  128  18:45  Marine x2  
  113  18:52  Marine  
  113  18:55  Marine  
  115  18:57  Marine x2  
  115  19:01  Medivac  
  119  19:04  Marine  
  119  19:05  Marine  
  119  19:09  Marine  
  122  19:12  Marine  
  123  19:20  Marine  
  123  19:22  Siege Tank  
  127  19:25  Marine x3  
  127  19:29  Marine  
  130  19:41  Marine  
  131  19:53  Orbital Command  
  131  20:00  Siege Tank  
  134  20:07  Marine  
  133  20:14  Siege Tank  
  133  20:20  Siege Tank  
  126  20:23  Marine x2  
  126  20:24  Marine  
  126  20:26  Marine  
  129  20:28  Marine  
  129  20:29  Marine  
  129  20:34  Medivac  
  133  20:37  Marine  
  133  20:40  Marine x2  
  125  20:50  Marine  
Show
View Real Time Build Order
Export as new Build Order

CMStormPolt Terran - Winner!

Build Orders: Reaper Expand, Bio Tank 

Get SALT Encoding   

  12  0:00  SCV  
  13  0:13  SCV  
  14  0:17  Supply Depot  
  14  0:25  SCV  
  15  0:38  SCV  
  15  0:40  Barracks  
  16  0:43  Refinery  
  16  0:51  SCV  
  17  1:03  SCV  
  18  1:15  SCV  
  19  1:27  Orbital Command  
  19  1:28  Reaper  
  20  1:42  Command Center  
  20  1:53  SCV  
  21  1:54  Supply Depot  
  21  2:00  Marine  
  22  2:05  SCV  
  22  2:11  Factory  
  22  2:17  SCV  
  22  2:19  Marine  
  24  2:27  Refinery  
  24  2:29  SCV  
  25  2:41  SCV  
  25  2:42  Barracks Reactor  
  26  2:53  SCV  
  26  2:54  Orbital Command  
  26  2:56  Starport  
  27  3:02  Factory Tech Lab  
  27  3:05  SCV  
  28  3:17  Marine x2  
  28  3:18  SCV  
  28  3:19  SCV  
  32  3:22  Supply Depot  
  32  3:30  SCV  
  32  3:31  SCV  
  34  3:37  Marine x2  
  34  3:40  Banshee  
  39  3:42  SCV  
  39  3:43  Factory Tech Lab, SCV  
  41  3:54  SCV  
  41  3:55  Marine x2  
  43  3:56  SCV  
  44  4:06  SCV  
  44  4:08  SCV  
  44  4:09  Command Center  
  46  4:11  Siege Tank  
  51  4:17  Supply Depot  
  51  4:18  SCV  
  51  4:20  SCV  
  51  4:22  Refinery  
  54  4:33  SCV x2  
  53  4:43  Barracks x2  
  53  4:45  Viking  
  55  4:47  SCV x2  
  56  4:57  Marine  
  51  5:04  SCV  
  51  5:05  SCV  
  53  5:07  Siege Tank  
  56  5:14  Engineering Bay  
  56  5:16  Engineering Bay, SCV  
  56  5:17  SCV  
  58  5:22  Orbital Command  
  58  5:26  Refinery  
  58  5:27  Stimpack, Starport Reactor  
  58  5:29  SCV x2  
  58  5:30  Barracks Reactor  
  60  5:41  Terran Infantry Weapons Level 1, SCV x2  
  60  5:42  Terran Infantry Armor Level 1  
  61  5:54  Marine  
  61  5:55  Marine x2  
  61  5:56  Siege Tank  
  67  6:00  SCV x2  
  69  6:06  Barracks x2  
  69  6:08  Orbital Command  
  69  6:09  Supply Depot  
  69  6:14  Supply Depot  
  69  6:21  SCV x2  
  69  6:23  Marine x5  
  76  6:30  Medivac x2, Siege Tank  
  83  6:35  SCV x2  
  86  6:43  Missile Turret  
  86  6:49  SCV x2  
  86  6:53  Marine x4  
  91  6:54  Barracks Reactor x2  
  91  6:55  Marine  
  85  7:12  Orbital Command  
  82  7:36  SCV x2, Marine x6, Siege Tank  
  93  7:48  Sensor Tower  
  93  7:49  Missile Turret  
  93  7:50  Refinery  
  93  7:51  Supply Depot  
  93  7:52  Marine x3  
  93  7:59  Armory  
  93  8:01  Refinery, Factory  
  93  8:03  Refinery  
  93  8:12  SCV x3, Marine x5  
  101  8:16  Combat Shields  
  101  8:22  Supply Depot  
  101  8:23  Marine x4  
  101  8:24  Supply Depot  
  101  8:26  Supply Depot  
  101  8:30  Marine  
  102  8:35  Marine x4  
  102  8:38  SCV  
  102  8:39  SCV x2  
  109  8:43  Marine x4  
  109  8:47  Supply Depot, Factory Tech Lab  
  109  8:48  Supply Depot, Terran Infantry Weapons Level 2, Marine, Siege Tank  
  117  8:50  Terran Infantry Armor Level 2  
  117  8:54  Terran Vehicle Weapons Level 1  
  114  9:07  SCV x3  
  114  9:08  Siege Tank  
  120  9:13  Marine x9  
  129  9:19  Supply Depot  
  129  9:20  Supply Depot, SCV, Siege Tank  
  129  9:21  Supply Depot  
  129  9:23  SCV x2  
  135  9:28  Factory  
  135  9:34  Medivac x2  
  139  9:43  Marine x9  
  147  9:48  Siege Tank  
  147  9:52  Siege Tank  
  152  10:04  Viking x2  
  152  10:05  Supply Depot  
  152  10:06  Supply Depot  
  156  10:07  Command Center  
  156  10:08  Marine x8  
  156  10:11  Marine  
  165  10:17  Factory Tech Lab  
  165  10:20  Siege Tank  
  168  10:24  Siege Tank  
  170  10:35  Marine x9  
  174  10:36  Medivac x2  
  174  10:39  Siege Tank  
  184  10:54  Terran Vehicle Weapons Level 2  
  183  11:09  Marine x6  
  189  11:17  Marine x2  
  189  11:18  Marine  
  189  11:25  Terran Infantry Armor Level 3, Terran Infantry Weapons Level 3, Missile Turret  
  189  11:31  Command Center  
  189  11:49  Refinery  
  189  11:53  Refinery  
  180  12:06  Siege Tank  
  180  12:07  Siege Tank x2  
  189  12:15  Barracks x2  
  189  12:27  Marine x2  
  189  12:28  Marine x6  
  176  12:39  Medivac x2, Siege Tank x3  
  174  13:08  Barracks Reactor, Marine x8  
  174  13:09  Barracks Reactor, Marine  
  174  13:11  Siege Tank x3  
  184  13:35  Marine x4  
  184  13:36  Marine x5  
  169  13:55  Marine x8  
  171  13:56  Marine x5  
  182  14:06  Siege Tank x3  
  182  14:08  Orbital Command  
  191  14:14  Medivac x2  
  190  14:42  Siege Tank x3  
  188  14:46  Viking  
  188  14:47  Viking  
  192  14:57  Command Center  
  170  15:08  Marine x10  
  170  15:09  Marine x3  
  182  15:23  Siege Tank x2  
  182  15:24  Siege Tank  
  182  15:25  Marine  
  180  15:39  Viking x2  
  184  15:55  Siege Tank x2  
  184  15:56  Siege Tank  
  193  16:02  Marine x7  
  200  16:04  Terran Vehicle Weapons Level 3  
  200  16:06  Building Armor, Hi-Sec Auto Tracking  
  200  16:24  Orbital Command  
  200  16:39  Orbital Command  
  200  16:42  Command Center  
  177  17:19  Siege Tank x2  
  177  17:20  Siege Tank  
  177  17:22  Marine x12  
  187  17:23  Marine  
  192  17:40  Marine x8  
  199  18:11  Marine x2  
  191  18:23  Siege Tank x3  
  198  18:43  Command Center  
  198  18:45  Command Center  
  163  18:51  Marine x4  
  163  18:52  Marine x9  
  176  18:57  Siege Tank x3  
  176  19:00  Viking x2  
  189  19:03  Terran Vehicle And Ship Armor Level 1  
  189  19:12  Marine x2  
  189  19:13  Marine x10  
  195  19:26  Planetary Fortress  
  195  19:32  Marine x4  
  195  19:33  Marine  
  199  19:57  Marine  
  200  20:05  Sensor Tower  
  200  20:06  Command Center  
  198  20:35  Marine x3  
  200  20:40  Command Center  
Tags
 
Add a new tag
Caveats
  • Supply blocks, unpowered buildings, or Contaminate may cause inaccurate times.
  • Supply counts are checked every 10 seconds.